 Dungeon Crawl Stone Soup version 0.17-a0-1949-g1acca9a (webtiles) character file.

95 Ordine the Twirler (level 4, -4/37 HPs)
             Began as a Minotaur Gladiator on Oct 2, 2015.
             Slain by a gnoll
             ... wielding a +0 spear
              (9 damage)
             ... on level 2 of the Dungeon.
             The game lasted 00:04:32 (1491 turns).

Ordine the Twirler (Minotaur Gladiator)             Turns: 1491, Time: 00:04:32

Health: -4/37      AC:  5    Str: 19    XL:     4   Next: 39%
Magic:  3/3        EV: 12    Int:  5    God:
Gold:   142        SH:  0    Dex: 12    Spells: 0 memorised, 3 levels left

rFire  . . .     SeeInvis .     a - +0 quarterstaff
rCold  . . .     Clarity  .     f - +0 ring mail
rNeg   . . .     SustAt   .     (no shield)
rPois  .         Gourm    .     c - +0 hat
rElec  .         Spirit   .     (no cloak)
rCorr  .         Warding  .     (no gloves)
rMut   .         Stasis   .     (no boots)
MR     .....                    (no amulet)
Stlth  +.........               (no ring)
                                (no ring)

@: lethally poisoned (-4 -> -5), hasted, very quick, not resistant to hostile
enchantments, very unstealthy
A: retaliatory headbutt, horns 2
a: no special abilities


You were on level 2 of the Dungeon.
You were hungry.

You visited 1 branch of the dungeon, and saw 2 of its levels.

You collected 142 gold pieces.

Inventory:

Hand weapons
 a - a +0 quarterstaff (weapon)
Armour
 c - a +0 hat (worn)
 f - a +0 ring mail (worn)
Scrolls
 b - a scroll of enchant armour
 i - a scroll of fog
 j - 3 scrolls of teleportation
Potions
 d - a potion of brilliance
 h - a potion of haste
 m - a potion of invisibility {unknown}
Comestibles
 e - 2 bread rations
 k - 4 chunks of flesh
 l - a meat ration


   Skills:
 - Level 2.4 Fighting
 + Level 6.3 Staves
 - Level 2.0 Throwing
 - Level 3.2 Dodging


You had 3 spell levels left.
You didn't know any spells.

Dungeon Overview and Level Annotations

Branches:
Dungeon (2/15)

Altars:

Annotations:
D:2 Robin


Innate Abilities, Weirdness & Mutations

You reflexively headbutt those who attack you in melee.
You have a pair of horns on your head.


Message History

The gnoll barely misses you.
You hit the gnoll. You headbutt the gnoll.
You kill the gnoll!
You feel sick.
The gnoll hits you from afar with a spear.
You feel sick. The gnoll hits you with a spear.
You barely miss the gnoll. Your headbutt misses the gnoll.
The gnoll misses you. The gnoll hits you with a spear.
* * * LOW HITPOINT WARNING * * *
Drink which item? (? for menu, Esc to quit)
Okay, then.
Drink which item? (? for menu, Esc to quit)
It was a potion of cure mutation.
It has a very clean taste.
The gnoll closely misses you. The gnoll hits you with a spear.
* * * LOW HITPOINT WARNING * * *
Drink which item? (? for menu, Esc to quit)
It was a potion of haste.
You feel yourself speed up.
You feel sick.
The gnoll hits you from afar with a spear!
You die...

#.......# #.......#
........# #.......#
#.......# ##########...
........### #.†.g†)......
#####.....# #g####.......
....#.....# #g# .......
###.#..#..######@####...<...
...<...#....[.......#.##.#.#
######.##.######.##.#.. .# #
.......##..# #.†...### #
.....###...####..####
.........)..##.....#
............##.....#
............##.....#
............##.....#


You could see 2 gnolls.

Vanquished Creatures
  2 gnolls (D:2)
  3 adders (D:2)
  An ooze (D:1)
  A worm (D:2)
  2 giant geckos (D:2)
  5 bats
  8 hobgoblins
  A giant cockroach (D:2)
  3 giant newts
  7 goblins
  6 kobolds
  5 rats
44 creatures vanquished.

Notes
Turn   | Place    | Note
--------------------------------------------------------------
     0 | D:1      | Ordine the Minotaur Gladiator began the quest for the Orb.
     0 | D:1      | Reached XP level 1. HP: 18/18 MP: 0/0
    22 | D:1      | Reached skill level 4 in Staves
   149 | D:1      | Reached XP level 2. HP: 25/25 MP: 1/1
   600 | D:2      | Reached skill level 5 in Staves
   612 | D:2      | Reached XP level 3. HP: 30/30 MP: 2/2
   815 | D:2      | Found a faded altar to an unknown god.
  1072 | D:2      | Noticed Robin
  1475 | D:2      | Reached skill level 6 in Staves
  1475 | D:2      | Reached XP level 4. HP: 27/37 MP: 3/3
  1491 | D:2      | Slain by a gnoll

Vault maps used:
D:1:      dpeg_arrival_shelter
D:2:      kennysheep_the_goblin_king, zin_statuary, ecumenical_altar_1,
          first_bread, due_unseen_surprise, uniq_robin

Action                   |  1- 3 |  4- 6 || total
-------------------------+-------+-------++-------
Melee: Quarterstaff      |    84 |     5 ||    89
       Unarmed           |    13 |       ||    13
  Use: Scroll            |     6 |       ||     6
       Potion            |       |     2 ||     2
  Eat: Chunk             |     1 |       ||     1
